 Dungeon Crawl Stone Soup version 0.29-a0-234-g0dae59b3db (webtiles) character file.

Game seed: 15102508778106098692

73 spaghetti the Skirmisher (level 4, -12/31 HPs)
             Began as a Tengu Fighter on Mar 3, 2022.
             Mangled by an ogre
             ... wielding a +0 giant spiked club
              (21 damage)
             ... on level 2 of the Dungeon.
             The game lasted 00:01:33 (1327 turns).

spaghetti the Skirmisher (Tengu Fighter)            Turns: 1327, Time: 00:01:33

Health: -12/31     AC:  6    Str: 16 (19) XL:     4   Next: 27%
Magic:  5/5        EV:  8    Int:  6 (8)  God:
Gold:   10         SH:  4    Dex: 10 (13) Spells: 3/3 levels left

rFire   . . .      SeeInvis .   a - +0 long sword {long}
rCold   . . .      Faith    .   c - +0 buckler
rNeg    . . .      Spirit   .   b - +0 scale mail
rPois   .          Reflect  .   (helmet restricted)
rElec   .          Harm     .   (no cloak)
rCorr   .          Rampage  .   (no gloves)
Will    .....                   (boots unavailable)
Stlth   ..........              (no amulet)
HPRegen 0.10/turn               (no ring)
MPRegen 0.09/turn               (no ring)

@: no status effects
A: beak, talons 3
a: no special abilities


You were on level 2 of the Dungeon.
You visited 1 branch of the dungeon, and saw 2 of its levels.

You collected 10 gold pieces.


Innate Abilities, Weirdness & Mutations

You have a beak for a mouth.
You have claws for feet.


   Skills:
 + Level 5.0 Fighting
 - Level 2.1 Long Blades
 - Level 3.2 Armour
 - Level 3.0 Shields


You had 3 spell levels left.
You didn't know any spells.
Your spell library contained the following spells:

 Spells                   Type           Power      Damage    Failure   Level
 Slow                     Hex            0%         N/A       93%         1
 Summon Small Mammal      Summ           0%         N/A       93%         1
 Call Canine Familiar     Summ           0%         N/A       100%        3
 Confusing Touch          Hex            0%         N/A       100%        3
 Summon Guardian Golem    Hex/Summ       0%         N/A       100%        3
 Vampiric Draining        Necr           0%         2d6       100%        3

Inventory:

Hand Weapons
 a - a +0 long sword (weapon) {long}
Missiles
 e - 45 stones (quivered) {throwing}
Armour
 b - a +0 scale mail (worn)
 c - a +0 buckler (worn)
Jewellery
 g - a ring of fire
   (You found it on level 1 of the Dungeon)
Scrolls
 d - a scroll of teleportation {unknown}
Potions
 f - 2 potions of cancellation {unknown}
 h - a potion of curing {unknown}
 i - a potion of attraction {unknown}
 j - 2 potions of mutation {unknown}
 k - a potion of ambrosia {unknown}

Dungeon Overview and Level Annotations

Branches:
Dungeon (2/15)

Altars:

# .... ##$. ... .
... #....
####.#####.#.#.#
=.......##.#.#.#
.......##.#.#.###
........<.......#
##.#..O......#.#
#...@.......#.#
#..##.........#
#. ##........# #
#........#
#............>.
###.#.#......##
#.#.#......# #
..#.#.##.#
####.#.# .#


You could see an ogre.


Message History

No target in view!
You see here a +1 pair of boots.
There is a stone staircase leading down here.
Key pressed, stopping explore.
A hobgoblin comes into view.
The hobgoblin shouts!
A hobgoblin is nearby!
The hobgoblin hits you. 😕 HP[-1]
You take 1 damage, and now have 29/30 hp.
You hit the hobgoblin. Your kick misses the hobgoblin.
You block the hobgoblin's attack.
The hobgoblin hits you but does no damage.
You barely miss the hobgoblin. Your peck misses the hobgoblin.
The hobgoblin closely misses you.
You hit the hobgoblin but do no damage. Your kick misses the hobgoblin.
Your peck misses the hobgoblin. The hobgoblin closely misses you.
The hobgoblin hits you. 😕 HP[-1]
You take 1 damage, and now have 28/30 hp.
You barely miss the hobgoblin. Your kick misses the hobgoblin.
You peck the hobgoblin.
You kill the hobgoblin! 😕 HP[+1] No target in view!
No target in view!
No target in view!
You see here a hobgoblin corpse.
Key pressed, stopping explore.
You see here a +0 club {mace}.
You see here a +0 club {mace}.
You see here a +0 leather armour.
You see here a +0 club {mace}.
j - 2 white potions (gained 1)
A hobgoblin comes into view.
The hobgoblin shouts!
The hobgoblin moves out of view. 😎 HP[+1]
Your hp is fully restored (30).
(D) Dungeon
Where to? (Enter - D:2, ? - help)
A hobgoblin is nearby!
A hobgoblin is nearby!
A hobgoblin is nearby!
A hobgoblin is nearby!
You closely miss the hobgoblin.
You claw the hobgoblin, but do no damage.
A quokka comes into view.
You block the hobgoblin's attack.
You barely miss the hobgoblin. Your peck misses the hobgoblin.
The hobgoblin hits you but does no damage. x2
You closely miss the hobgoblin. Your kick misses the hobgoblin.
You peck the hobgoblin.
The hobgoblin hits you but does no damage.
You slash the hobgoblin!
You kill the hobgoblin!
The quokka closely misses you.
Your Fighting skill increases to level 5! 😎 HP[+1]
You now have 31 max hp (+1).
Your hp is fully restored (31).
You barely miss the quokka. You block the quokka's attack.
You miss the quokka. You peck the quokka.
The quokka bites you but does no damage. x2
You barely miss the quokka. Your peck misses the quokka. The quokka bites you.
The quokka bites you but does no damage. 😕 HP[-1]
You take 1 damage, and now have 30/31 hp.
You hit the quokka but do no damage. You claw the quokka, but do no damage.
Your peck misses the quokka. The quokka bites you. 😕 HP[-1]
You take 1 damage, and now have 29/31 hp.
You hit the quokka. You claw the quokka.
You kill the quokka!
No target in view!
No target in view!
(D) Dungeon
Where to? (Enter - D:2, ? - help)
There is a stone staircase leading down here.
You climb downwards.
You block the ogre's attack.
There is a stone staircase leading up here. 😎 HP[+2]
Your hp is fully restored (31).
An ogre is nearby!
An ogre is nearby!
An ogre is nearby!
You hit the ogre. You claw the ogre.
The ogre hits you with a +0 giant spiked club!!
Ouch! That really hurt!
* * * LOW HITPOINT WARNING * * *
😨 HP[-22]
You take 22 damage, and now have 9/31 hp.
MASSIVE DAMAGE!! (PAUSE)
You aren't carrying any items that you can evoke.
Okay, then.
Okay, then.
Things that are here:
a +0 dagger {short}; a kobold skeleton The ogre hits you with a +0 giant spiked club!!
Ouch! That really hurt!
You die...

Skill      XL: |  1  2  3  4 |
---------------+-------------+-----
Fighting       | 4 5 |  5.0
Long Blades    | |  2.1
Armour         | |  3.2
Shields        | |  3.0

Action                   |  1- 3 |  4- 6 || total
-------------------------+-------+-------++-------
Melee: Long sword        |    53 |    28 ||    81
       Kick              |    14 |     8 ||    22
       Peck              |     9 |     6 ||    15
  Use: Potion            |     2 |       ||     2
Armor: Scale mail        |    18 |    13 ||    31
Dodge: Dodged            |    24 |     9 ||    33
Block: Buckler           |    10 |     6 ||    16

Levels and vault maps discovered:
D:1:      nagdon_arrival_zigzag_paths, layout_basic,
          shapermc_ecumenical_altar_gd, dk_noncrumbling_3, nicolae_grassy_gnolls
D:2:      layout_loops_ring, uniq_terence

Notes
Turn   | Place    | Note
-------+----------+-------------------------------------------
     0 | D:1      | spaghetti the Tengu Fighter began the quest for the Orb.
     0 | D:1      | Reached XP level 1. HP: 14/14 MP: 2/2
     0 | D:1      | magus.rc [v1.9.6]
    13 | D:1      | You pick up a book of Debilitation and begin reading...
    13 | D:1      | You add the spells Slow, Vampiric Draining and Confusing
                  | Touch to your library.
   147 | D:1      | Reached XP level 2. HP: 18/19 MP: 3/3
   174 | D:1      | Reached skill level 4 in Fighting
   176 | D:1      | Reached XP level 3. HP: 14/24 MP: 4/4
   394 | D:2      | Noticed an ogre
   554 | D:1      | Found a faded altar of an unknown god.
   572 | D:1      | HP: 6/24 [quokka (3)]
   576 | D:1      | Reached XP level 4. HP: 6/30 MP: 5/5
   922 | D:1      | You pick up a book of Callings and begin reading...
   922 | D:1      | You add the spells Summon Small Mammal, Call Canine
                  | Familiar and Summon Guardian Golem to your library.
  1303 | D:1      | Reached skill level 5 in Fighting
  1327 | D:2      | Mangled by an ogre

Vanquished Creatures
  An iguana (D:2)
  A gnoll (D:1)
  A dart slug (D:1)
  5 endoplasms
  2 giant cockroaches (D:1)
  4 goblins (D:1)
  3 hobgoblins (D:1)
  5 quokkas (D:1)
  2 bats (D:1)
  2 frilled lizards
  4 kobolds
  3 rats (D:1)
33 creatures vanquished.

Vanquished Creatures (others)
  4 demonic plants (D:1)
  5 fungi (D:1)
  16 plants (D:1)
  2 withered plants (D:1)
27 creatures vanquished.

Grand Total: 60 creatures vanquished

Table legend:
 A = Non-vault XP
 B = Vault XP
 C = Vault XP percentage of total XP
 D = Non-vault monster count
 E = Vault monster count
 F = Vault count percentage of total count
                 A         B        C        D         E       F
            +---------+---------+-------+---------+---------+-------
      Total |      90 |      15 |  14.3 |      32 |       1 |   3.0
            +---------+---------+-------+---------+---------+-------
        D:1 |      49 |      15 |  23.4 |      28 |       1 |   3.4
        D:2 |      41 |       0 |   0.0 |       4 |       0 |   0.0
            +---------+---------+-------+---------+---------+-------

Illustrated notes

Table legend:
 A = Kills in this place as a percentage of kills in entire the game.
 B = Kills by you in this place as a percentage of kills by you in the entire game.
 C = Kills by friends in this place as a percentage of kills by friends in the entire game.
 D = Other kills in this place as a percentage of other kills in the entire game.
 E = Experience gained in this place as a percentage of experience gained in the entire game.
 F = Experience gained in this place divided by the number of levels of this place that you have seen.
                   A       B       C       D       E      F
               +-------+-------+-------+-------+-------+----------------------
         Total | 100.0 | 100.0 |   N/A |   N/A | 100.0 |  52.5
       Dungeon | 100.0 | 100.0 |   N/A |   N/A | 100.0 |  52.5
               +-------+-------+-------+-------+-------+----------------------

Table legend: (Time is in decaauts)
 A = Elapsed time spent in this place.
 B = Non-inter-level travel time spent in this place.
 C = Inter-level travel time spent in this place.
 D = Time resting spent in this place.
 E = Time spent auto-exploring this place.
 F = Levels seen in this place.
 G = Mean time per level.
                   A        B        C        D        E       F      G
               +--------+--------+--------+--------+--------+-----+--------+
         Total |   1355 |   1329 |     26 |    401 |    722 |   2 |  677.5 |
       Dungeon |   1355 |   1329 |     26 |    401 |    722 |   2 |  677.5 |
               +--------+--------+--------+--------+--------+-----+--------+

Top non-repeatable levels by time:
     D:1: 1274 daAuts
     D:2: 81 daAuts
